 Dungeon Crawl Stone Soup version 0.32-a0-290-g598725c5f2 (webtiles) character file.

Game seed: 13087051838278727514

1253 Datul the Cleaver (level 8, -3/56 (63) HPs)
             Began as a Mountain Dwarf Fighter on Feb 13, 2024.
             Slain by a wight
             ... wielding a +3 mace
              (9 damage)
             ... on level 5 of the Dungeon.
             The game lasted 00:14:45 (3638 turns).

Datul the Cleaver (Mountain Dwarf Fighter)          Turns: 3638, Time: 00:14:46

HP:   -3/56 (63)    AC:  9    Str: 20    XL:     8   Next: 26%
MP:   8/8           EV:  9    Int: 10    God:
Gold: 162           SH:  4    Dex:  9    Spells: 7/7 levels left

rFire   . . .        a - +0 war axe (venom)
rCold   . . .        c - +0 buckler
rNeg    . . .        b - +0 scale mail
rPois   .            j - +0 helmet
rElec   .            f - +0 cloak
rCorr   .            (no gloves)
SInv    .            (no boots)
Will    .....        (no amulet) Stlth
                     (no ring)
HPRegen 0.29/turn    (no ring)
MPRegen 0.11/turn

%: no passive effects
@: heavily drained
A: runic magic, artefact enchanting
a: no special abilities


You were on level 5 of the Dungeon.
You visited 1 branch of the dungeon, and saw 5 of its levels.

You collected 190 gold pieces.
You spent 28 gold pieces at shops.

Inventory:

Hand Weapons
 a - a +0 war axe of venom (weapon)
 x - a +1 hand axe of freezing
Missiles
 r - 28 poisoned darts (quivered)
Armour
 b - a +0 scale mail (worn)
 c - a +0 buckler (worn)
 f - a +0 cloak (worn)
 j - a +0 helmet (worn)
 w - a +0 ring mail of cold resistance
Wands
 h - a wand of mindburst (13)
 s - a wand of charming (5)
 u - a wand of quicksilver (12)
Scrolls
 e - 2 scrolls of fog {unknown}
 g - a scroll of teleportation
 i - a scroll of poison {unknown}
 n - a scroll of vulnerability {unknown}
 o - a scroll of silence {unknown}
 p - a scroll of fear {unknown}
 q - a scroll of enchant weapon {unknown}
Potions
 d - a potion of might
 k - a potion of enlightenment
 l - 2 potions of magic
 m - a potion of curing {unknown}
 t - a potion of lignification {unknown}
 v - a potion of attraction


   Skills:
 - Level 3.2 Fighting
 + Level 12.1 Axes
 - Level 3.2 Armour
 - Level 3.2 Shields


You had 7 spell levels left.
You didn't know any spells.
Your spell library contained the following spells:

 Spells                   Type           Power      Damage    Failure   Level
 Magic Dart               Conj           0%         1d3       52%         1
 Searing Ray              Conj           0%         2d4       67%         2
 Dazzling Flash           Conj/Hex       0%         N/A       88%         3
 Volatile Blastmotes      Fire/Tloc      0%         2d10      88%         3
 Fulminant Prism          Conj/Alch      0%         3d5       99%         4
 Iskenderun's Mystic Bla  Conj/Tloc      0%         2d3       99%         4
 Starburst                Conj/Fire      0%         6d3       100%        6
 Maxwell's Capacitive Co  Air            0%         ∞         100%        8


Dungeon Overview and Level Annotations

Branches:
Dungeon (5/15) Zot: 26188
 Temple: D:4-7

Altars:
Ashenzari
Fedhas
Sif Muna
Xom

Shops:
D:5 ?

Annotations:
D:3 Jessica, Sigmund


Innate Abilities, Weirdness & Mutations

Your spellcasting is much less encumbered by armour.
You can use scrolls of enchantment on lesser artefacts.


Message History

You closely miss the wight. The wight closely misses you.
You hit the wight but do no damage. The wight hits you with a +3 trident.
You feel drained.
You take 6 damage, and have 38/61 hp.
You hit the wight but do no damage. The wight hits you with a +3 trident.
You take 1 damage, and have 37/61 hp.
You hit the wight.
The wight is lightly damaged.
You slash the wight! You block the wight's attack.
The wight hits you with a +3 mace.
You take 2 damage, and have 35/61 hp.
You completely miss the wight.
The wight is heavily damaged.
You hit the wight. The wight hits you with a +3 trident!
You feel drained. The wight hits you with a +3 mace.
* * * LOW HITPOINT WARNING * * *
You feel drained.
* * * LOW HITPOINT WARNING * * *
You take 16 damage, and have 19/57 hp.
MASSIVE DAMAGE!!
You hit the wight.
The wight is heavily damaged.
You hit the wight. The wight hits you with a +3 trident.
* * * LOW HITPOINT WARNING * * *
The wight hits you with a +3 mace!
* * * LOW HITPOINT WARNING * * *
You feel drained.
* * * LOW HITPOINT WARNING * * *
You take 13 damage, and have 6/56 hp.
MASSIVE DAMAGE!!
Okay, then.
Okay, then.
Sorry, you're not good enough to have a special ability.
Press: ? - help, v - describe, . - travel
Here: a wight, wielding a +3 trident and wearing a +0 robe (heavily damaged)
The floor.
Unknown command.
Aiming: Charm
Press: ? - help, Shift-Dir - straight line, f - wight
Aim: a wight, wielding a +3 trident and wearing a +0 robe (heavily damaged, chance to affect: 49%)
The wight is charmed.
The wight hits you with a +3 mace!
You die...

.. ####... ....... ####+
.....##########+###.....
........................
........................
........................
................zz......
................@.......
................).......
........................
#'####......##############
.....#......#............#
.....+......#............#
.....#÷.....#............#
.....#......[............#
..####......#.##'#########


You could see a wight and a friendly wight (charmed).

Vanquished Creatures
  A black bear (D:5)
  An ogre (D:4)
  A kobold brigand (D:5)
  A phantom (D:5)
  A scorpion (D:4)
  5 wights
  A howler monkey (D:5)
  A jelly (D:4)
  2 bombardier beetles (D:4)
  An orc priest (D:2)
  2 iguanas
  4 orc wizards
  Robin (D:2)
  9 adders
  2 ufetubi (D:5)
  2 ribbon worms
  4 dart slugs
  13 orcs
  3 ball pythons
  4 bats
  4 endoplasms
  3 giant cockroaches
  17 goblins
  10 hobgoblins
  3 jackals (D:2)
  4 quokkas
  2 frilled lizards
  21 kobolds
  4 rats
127 creatures vanquished.

Notes
Turn   | Place    | Note
-------+----------+-------------------------------------------
     0 | D:1      | Datul the Mountain Dwarf Fighter began the quest for the
                  | Orb.
     0 | D:1      | Reached XP level 1. HP: 19/19 MP: 1/1
   125 | D:1      | Reached skill level 3 in Axes
   147 | D:1      | Reached XP level 2. HP: 26/26 MP: 2/2
   277 | D:1      | Reached skill level 4 in Axes
   503 | D:2      | Noticed Robin
   506 | D:2      | Reached XP level 3. HP: 18/31 MP: 3/3
   593 | D:2      | Reached skill level 5 in Axes
   749 | D:2      | Reached XP level 4. HP: 38/38 MP: 4/4
   756 | D:2      | Killed Robin
   967 | D:2      | You fall into a shaft and drop 1 floor!
   974 | D:3      | Reached skill level 6 in Axes
  1224 | D:2      | Reached XP level 5. HP: 35/45 MP: 5/5
  1678 | D:3      | Noticed Sigmund
  1681 | D:3      | Noticed Jessica
  1790 | D:4      | Reached skill level 7 in Axes
  1871 | D:4      | Reached XP level 6. HP: 35/51 MP: 6/6
  1881 | D:4      | Reached skill level 8 in Axes
  2056 | D:4      | Found a shimmering altar of Xom.
  2169 | D:4      | Reached skill level 9 in Axes
  2188 | D:4      | Reached XP level 7. HP: 37/54 MP: 7/7
  2347 | D:4      | Found a blossoming altar of Fedhas.
  2411 | D:4      | Reached skill level 10 in Axes
  2825 | D:5      | Entered Level 5 of the Dungeon
  2825 | D:5      | Noticed a +0 dagger
  2825 | D:5      | Noticed a +0 spear
  2825 | D:5      | Noticed a +0 falchion
  2826 | D:5      | Noticed a +0 short sword
  2827 | D:5      | Noticed a +0 spear
  3271 | D:5      | Found a broken altar of Ashenzari.
  3271 | D:5      | Found a shimmering blue altar of Sif Muna.
  3347 | D:5      | Reached skill level 11 in Axes
  3417 | D:5      | Reached XP level 8. HP: 61/63 MP: 8/8
  3477 | D:5      | Found Daogium's Magic Scroll Shop.
  3486 | D:5      | Bought a scroll of identify for 28 gold pieces
  3631 | D:5      | Reached skill level 12 in Axes
  3638 | D:5      | Slain by a wight

Illustrated notes

Levels and vault maps discovered:
D:1:      matt_arrival_refuge, layout_rooms
D:2:      layout_basic, uniq_robin
D:3:      layout_basic, uniq_jessica, uniq_sigmund
D:4:      layout_cave_pools, mainiacjoe_overflow_brackets, fedhas_altar_3
D:5:      kennysheep_kobold_camp, layout_gridville,
          gammafunk_temple_overflow_statue, nicolae_uskayaw_en_pointe,
          serial_shops, nicolae_lakefront_shop, shop

Skill      XL: |  1  2  3  4  5  6  7  8 |
---------------+-------------------------+-----
Axes           | 3 4 5 6 7 9 11 12 | 12.1
Fighting       | |  3.2
Armour         | |  3.2
Shields        | |  3.2

Action                     |  1- 3 |  4- 6 |  7- 9 || total
---------------------------+-------+-------+-------++-------
  Melee: War axe           |    63 |   111 |   141 ||   315
  Throw: Dart              |       |       |     1 ||     1
  Evoke: Wand              |       |       |     6 ||     6
    Use: Scroll            |     3 |       |     3 ||     6
         Potion            |       |     1 |     1 ||     2
 Armour: Scale mail        |    56 |    86 |    93 ||   235
  Dodge: Dodged            |    33 |    39 |    45 ||   117
  Block: Buckler           |    13 |    20 |    20 ||    53

Table legend: (Time is in decaauts)
 A = Elapsed time spent in this place.
 B = Non-inter-level travel time spent in this place.
 C = Inter-level travel time spent in this place.
 D = Time resting spent in this place.
 E = Time spent auto-exploring this place.
 F = Levels seen in this place.
 G = Mean time per level.
                   A        B        C        D        E       F      G
               +--------+--------+--------+--------+--------+-----+--------+
         Total |   3680 |   3547 |    133 |    849 |   1747 |   5 |  736.0 |
       Dungeon |   3680 |   3547 |    133 |    849 |   1747 |   5 |  736.0 |
               +--------+--------+--------+--------+--------+-----+--------+

Top non-repeatable levels by time:
     D:4: 912 daAuts
     D:2: 908 daAuts
     D:5: 810 daAuts
     D:3: 539 daAuts
     D:1: 509 daAuts
